 Dungeon Crawl Stone Soup version 0.22-b1-21-g5cfc168 (webtiles) character file.

216 tyranidshit the Skirmisher (level 5, -3/46 HPs)
             Began as a Demonspawn Abyssal Knight on Aug 5, 2018.
             Was a Believer of Lugonu.
             Killed by nerve-wracking pain
             ... invoked by an orc priest
              (9 damage)
             ... on level 3 of the Dungeon.
             The game lasted 00:05:52 (3306 turns).

tyranidshit the Skirmisher (DsAK)                   Turns: 3306, Time: 00:05:52

Health: -3/46      AC: 10    Str: 14    XL:     5   Next: 61%
Magic:  0/6        EV:  6    Int: 13    God:    Lugonu [**....]
Gold:   52         SH:  0    Dex: 12    Spells: 4/4 levels left

rFire    . . .     SeeInvis .   a - +1 hand axe
rCold    . . .     Gourm    .   (no shield)
rNeg     . . .     Faith    .   h - +0 chain mail
rPois    .         Spirit   +   (no helmet)
rElec    .         Reflect  .   (no cloak)
rCorr    .         Harm     .   (no gloves)
MR       .....                  e - +0 pair of boots
Stlth    ..........             i - amulet of magic regeneration
HPRegen  0.15/turn              (no ring)
MPRegen  0.45/turn              (no ring)

@: no status effects
A: magic shield, magic regeneration
a: Depart the Abyss, Bend Space, Renounce Religion


You were on level 3 of the Dungeon.
You worshipped Lugonu.
Lugonu was pleased with you.
You were not hungry.

You visited 1 branch of the dungeon, and saw 3 of its levels.
You visited the Abyss 1 time.

You collected 52 gold pieces.

Inventory:

Hand Weapons
 a - a +1 hand axe (weapon)
Armour
 e - a +0 pair of boots (worn)
 h - a +0 chain mail (worn)
Jewellery
 i - an amulet of magic regeneration (around neck)
Scrolls
 b - a scroll of identify
 f - a scroll of fog
 g - a scroll of remove curse
 j - a scroll of blinking
 k - a scroll of amnesia
Potions
 d - 2 potions of curing
Comestibles
 c - 3 rations


   Skills:
 - Level 6.1 Fighting
 - Level 1.7 Axes
 + Level 2.4 Armour
 - Level 0.8 Dodging
 - Level 2.4 Invocations


You had 4 spell levels left.
You didn't know any spells.
Your spell library was empty.

Dungeon Overview and Level Annotations

Branches:
Dungeon (3/15)

Altars:


Innate Abilities, Weirdness & Mutations

When hurt, damage is shared between your health and your magic reserves.
You regenerate magic rapidly.


Message History

Unknown command.
You hit the orc priest but do no damage.
The orc priest is almost dead.
The orc priest barely misses you.
Unknown command.
You closely miss the orc priest.
The orc priest is almost dead.
The orc priest hits you but does no damage.
Unknown command.
Your chain mail prevents you from hitting the orc priest.
The orc priest is almost dead.
The orc priest hits you with an enchanted whip.
* * * LOW HITPOINT WARNING * * *
Unknown command.
Your chain mail prevents you from hitting the orc priest.
The orc priest is almost dead.
The orc priest hits you but does no damage.
The orc priest invokes the aid of Beogh against you.
Pain shoots through your body!
You die...

.#...... ...#..# ......#
...#.## ## .....# #[ .## ....##
#. .. ##..# #.###. ##..#
###...#####.# .o..#
#...o@..†...#
##..########.##..#######
#.......... #.(# #o#########
#..# #.############..#####
#.o.o.......(#......#
############(#.####)###########
#[#................#
#.######.#########.#


You could see an orc priest.

Vanquished Creatures
  An orc wizard (D:3)
  2 orc priests (D:3)
  5 adders
  A worm (D:3)
  6 dart slugs
  A leopard gecko (D:3)
  8 orcs
  4 bats
  2 giant cockroaches
  7 goblins
  6 hobgoblins
  2 jackals (D:2)
  A quokka (D:3)
  2 frilled lizards (D:3)
  9 kobolds
  5 rats
62 creatures vanquished.

Notes
Turn   | Place    | Note
-------+----------+-------------------------------------------
     0 | Abyss:1  | tyranidshit the Demonspawn Abyssal Knight began the quest for the Orb.
     0 | Abyss:1  | Reached XP level 1. HP: 18/18 MP: 2/2
    32 | Abyss:1  | Noticed a worldbinder
    33 | D:1      | Escaped the Abyss
    59 | D:1      | Reached * piety under Lugonu
   356 | D:1      | Gained mutation: When hurt, damage is shared between your health and your magic reserves. [demonic ancestry]
   356 | D:1      | Reached XP level 2. HP: 15/24 MP: 3/3
  1130 | D:2      | Reached skill level 4 in Fighting
  1136 | D:2      | Gained mutation: You regenerate magic rapidly. [demonic ancestry]
  1136 | D:2      | Reached XP level 3. HP: 25/30 MP: 2/4
  1698 | D:2      | Reached XP level 4. HP: 38/38 MP: 5/5
  1826 | D:2      | Reached skill level 5 in Fighting
  1901 | D:2      | Reached ** piety under Lugonu
  2328 | D:3      | Reached XP level 5. HP: 14/46 MP: 6/6
  2920 | D:3      | Reached skill level 6 in Fighting
  3306 | D:3      | Killed from afar by an orc priest

Skill      XL: |  1  2  3  4  5 |
---------------+----------------+-----
Fighting       | 4 5 6 |  6.1
Armour         | 2 |  2.4
Axes           | |  1.7
Dodging        | |  0.8
Invocations    | |  2.4

Action                   |  1- 3 |  4- 6 || total
-------------------------+-------+-------++-------
Melee: Hand axe          |    94 |   151 ||   245
Invok: Depart the Abyss  |     1 |       ||     1
  Use: Scroll            |     2 |     3 ||     5
       Potion            |     2 |     1 ||     3
  Eat: Ration            |     1 |     2 ||     3
Armor: Leather armour    |    14 |       ||    14
       Ring mail         |    20 |    16 ||    36
       Chain mail        |       |    70 ||    70
Dodge: Dodged            |    55 |    54 ||   109
